 Dungeon Crawl Stone Soup version 0.30-a0-169-g06f667207d (webtiles) character file.

Game seed: 1958247257988501342

21 Caerun the Conjurer (level 2, 0/18 HPs)
             Began as a Gargoyle Reaver on Sept 30, 2022.
             Slain by a kobold
             ... wielding a +0 club
              (3 damage)
             ... on level 1 of the Dungeon.
             The game lasted 00:01:22 (474 turns).

Caerun the Conjurer (Gargoyle Reaver)                Turns: 474, Time: 00:01:22

Health: 0/18       AC:  5    Str: 15    XL:     2   Next: 87%
Magic:  5/5        EV: 11    Int: 13    God:
Gold:   65         SH:  0    Dex:  8    Spells: 4/5 levels left

rFire   . . .      SeeInvis .    a - +0 mace
rCold   . . .      Faith    .    (no shield)
rNeg    + . .      Spirit   .    b - +0 leather armour
rPois   ∞          Reflect  .    (no helmet)
rElec   +          Harm     .    (no cloak)
rCorr   .          Rampage  .    (no gloves)
Will    .....                    (no boots)
Stlth   +.........               (no amulet)
HPRegen 0.06/turn                (no ring)
MPRegen 0.09/turn                (no ring)

@: no status effects
A: sickness immunity, AC +2, negative energy resistance 1, electricity
resistance, torment resistance 1, petrification resistance
a: no special abilities


You were on level 1 of the Dungeon.
You visited 1 branch of the dungeon, and saw 1 of its levels.

You collected 65 gold pieces.

Inventory:

Hand Weapons
 a - a +0 mace (weapon)
 c - a +0 antimagic whip
Armour
 b - a +0 leather armour (worn)
Scrolls
 e - a scroll of immolation {unknown}
 g - a scroll of blinking {unknown}
 h - a scroll of enchant weapon {unknown}
 j - a scroll of vulnerability {unknown}
Potions
 d - a potion of mutation {unknown}
 f - a potion of haste {unknown}
 i - a potion of might {unknown}


   Skills:
 * Level 2.5 Fighting
 + Level 3.4 Maces & Flails
 + Level 0.2 Armour
 + Level 1.5 Dodging
 + Level 2.1 Spellcasting
 + Level 3.6 Conjurations


You had 4 spell levels left.
You knew the following spells:

 Your Spells              Type           Power      Damage    Failure   Level
a - Kiss of Death         Conj/Necr      24%        2d7       14%         1

Your spell library contained the following spells:

 Spells                   Type           Power      Damage    Failure   Level
 Momentum Strike          Conj/Tloc      12%        3d8       22%         2
 Hailstorm                Conj/Ice       6%         3d4       41%         3
 Ensorcelled Hibernation  Hex/Ice        2%         N/A       43%         2
 Spider Form              Tmut/Pois      1%         N/A       67%         3
 Anguish                  Hex/Necr       0%         N/A       97%         4


Dungeon Overview and Level Annotations

Branches:
Dungeon (1/15)

Altars:


Innate Abilities, Weirdness & Mutations

You are immune to sickness and miasma.
Your stone body is resilient. (AC +2)
You are immune to poison.
You resist negative energy. (rN+)
You are resistant to electric shocks. (rElec)
You are resistant to unholy torment.
You are immune to petrification.


Message History

The goblin hits you with a +0 club.
You barely miss the goblin. The bat hits you.
The goblin hits you with a +0 club. The kobold hits you with a +0 club.
You closely miss the goblin. The bat completely misses you.
The goblin hits you but does no damage. The kobold hits you but does no damage.
A giant cockroach comes into view.
The kobold closely misses you. The goblin barely misses you.
You hit the goblin.
The goblin is heavily wounded.
The bat closely misses you. The goblin hits you but does no damage.
The kobold hits you but does no damage.
You hit the goblin.
The goblin is severely wounded.
The bat closely misses you. The bat barely misses you.
The goblin hits you with a +0 club. The kobold hits you but does no damage.
You closely miss the goblin.
The goblin is severely wounded.
The bat closely misses you. The goblin hits you with a +0 club.
The kobold hits you with a +0 club. The bat hits you.
The bat attacks as you move away! The bat completely misses you.
The bat barely misses you. The kobold hits you with a +0 club.
* * * LOW HITPOINT WARNING * * *
The bat hits you but does no damage.
You are too injured to fight recklessly!
You are too injured to fight recklessly!
You hit the bat.
You kill the bat!
You closely miss the goblin.
The goblin is severely wounded.
The goblin hits you with a +0 club.
* * * LOW HITPOINT WARNING * * *
The goblin barely misses you.
You sock the goblin!
You kill the goblin!
The giant cockroach barely misses you.
You closely miss the giant cockroach. The giant cockroach misses you.
You sock the giant cockroach!
You kill the giant cockroach!
You closely miss the kobold. The kobold hits you with a +0 club.
You die...

#...# #...#
#....[.#####
..... .#.#.#
#.######
..#.#.#
.##.###.#
#......# #
#.###.##.# #.
#........#
.###.#
#####.####
....#.# ##.##
.......###.##
#..K@##
#....$.###
........#
.#..##..# #.
...# .. ....#
. .....#
.....##


You could see a kobold.

Vanquished Creatures
  2 dart slugs (D:1)
  2 bats (D:1)
  2 endoplasms (D:1)
  2 giant cockroaches (D:1)
  A goblin (D:1)
  A quokka (D:1)
  4 ball pythons (D:1)
  2 frilled lizards (D:1)
  A kobold (D:1)
17 creatures vanquished.

Notes
Turn   | Place    | Note
-------+----------+-------------------------------------------
     0 | D:1      | Caerun the Gargoyle Reaver began the quest for the Orb.
     0 | D:1      | Reached XP level 1. HP: 12/12 MP: 3/3
   132 | D:1      | Reached XP level 2. HP: 16/17 MP: 5/5
   474 | D:1      | Slain by a kobold

Illustrated notes

Levels and vault maps discovered:
D:1:      lightli_arrival_boilingwater, layout_loops_cross,
          hellmonk_ecumenical_altar_inner_sanctum

Action                   || total
-------------------------++-------
Melee: Mace              ||    35
       Punch             ||     1
Armor: Leather armour    ||    13
Dodge: Dodged            ||    32

Table legend: (Time is in decaauts)
 A = Elapsed time spent in this place.
 B = Non-inter-level travel time spent in this place.
 C = Inter-level travel time spent in this place.
 D = Time resting spent in this place.
 E = Time spent auto-exploring this place.
 F = Levels seen in this place.
 G = Mean time per level.
                   A        B        C        D        E       F      G
               +--------+--------+--------+--------+--------+-----+--------+
         Total |    484 |    484 |      0 |      0 |    385 |   1 |  484.0 |
       Dungeon |    484 |    484 |      0 |      0 |    385 |   1 |  484.0 |
               +--------+--------+--------+--------+--------+-----+--------+

Top non-repeatable levels by time:
     D:1: 484 daAuts
